 Dungeon Crawl Stone Soup version 0.30-a0-242-g7bf8e6d787 (webtiles) character file.

Game seed: 17666467674220967394

2650 Lobster4 the Magician (level 9, -14/71 HPs)
             Began as a Human Wanderer on Oct 11, 2022.
             Was an Initiate of Sif Muna.
             Killed from afar by a manticore (20 damage)
             ... with a volley of spikes
             ... on level 7 of the Dungeon.
             The game lasted 00:33:34 (10618 turns).

Lobster4 the Magician (Human Wanderer)             Turns: 10618, Time: 00:33:34

Health: -14/71     AC:  5    Str: 16    XL:     9   Next: 93%
Magic:  0/20       EV: 11    Int: 15    God:    Sif Muna [......]
Gold:   455        SH:  0    Dex: 11    Spells: 17/23 levels left

rFire   . . .      SeeInvis .    a - +0 falchion (holy)
rCold   . . .      Faith    .    (no shield)
rNeg    . . .      Spirit   +    N - +0 troll leather armour
rPois   +          Reflect  .    (no helmet)
rElec   .          Harm     .    (no cloak)
rCorr   .          Rampage  .    (no gloves)
Will    .....                    x - +0 pair of boots
Stlth   +.........               j - amulet of guardian spirit
HPRegen 1.11/turn                u - ring of poison resistance
MPRegen 0.17/turn                (no ring)

@: mighty, spiked
A: sense surroundings 1
a: Renounce Religion


You were on level 7 of the Dungeon.
You worshipped Sif Muna.
Sif Muna was noncommittal.
You visited 1 branch of the dungeon, and saw 8 of its levels.

You collected 455 gold pieces.

Inventory:

Hand Weapons
 a - a +0 falchion of holy wrath (weapon)
 b - a +1 shortbow of freezing
 h - a +0 rapier
 E - a +0 mace
 G - a +0 long sword
 K - a +0 sling
Missiles
 k - 31 stones
 l - 27 poisoned darts (quivered)
 n - a throwing net
 w - 3 javelins
 M - 2 silver javelins
Armour
 e - a +0 leather armour
 g - a +0 ring mail
 x - a +0 pair of boots (worn)
 N - a +0 troll leather armour (worn)
Magical Staves
 p - a staff of cold
 s - a staff of poison
Jewellery
 j - an amulet of guardian spirit (around neck)
 u - a ring of poison resistance (left hand)
 z - an amulet of faith
 F - the ring "Emec" {rC- rCorr Int+5}
   (You found it on level 5 of the Dungeon)

   [ring of resist corrosion]

   Int:       It affects your intelligence (+5).
   rC:        It makes you vulnerable to cold.
   rCorr:     It protects you from acid and corrosion.
Wands
 y - a wand of polymorph (13)
Scrolls
 m - 3 scrolls of blinking {unknown}
 r - 2 scrolls of summoning {unknown}
 A - 2 scrolls of enchant weapon {unknown}
 B - a scroll of silence {unknown}
 C - 2 scrolls of immolation {unknown}
 H - 2 scrolls of noise {unknown}
 J - a scroll of enchant armour {unknown}
Potions
 f - a potion of ambrosia {unknown}
 o - a potion of attraction
 v - a potion of flight
 I - a potion of resistance


   Skills:
 + Level 6.8 Fighting
 - Level 2.0 Long Blades
 - Level 1.0 Maces & Flails
 - Level 3.0 Ranged Weapons
 - Level 3.0 Throwing
 - Level 2.0 Armour
 - Level 2.0 Dodging
 + Level 7.5 Spellcasting
 + Level 1.8 Conjurations
 - Level 3.0 Summonings
 + Level 5.3 Fire Magic
 + Level 1.8 Earth Magic
 + Level 0.3 Invocations
 + Level 0.2 Evocations


You had 17 spell levels left.
You knew the following spells:

 Your Spells              Type           Power      Damage    Failure   Level
a - Summon Small Mammal   Summ           56%        N/A       4%          1
b - Scorch                Fire           42%        2d7       2%          2
c - Stone Arrow           Conj/Erth      22%        3d8       22%         3

Your spell library contained the following spells:

 Spells                   Type           Power      Damage    Failure   Level
 Gell's Gravitas          Tloc           5%         N/A       43%         3
 Lesser Beckoning         Tloc           10%        N/A       43%         3
 Teleport Other           Tloc           5%         N/A       43%         3
 Vampiric Draining        Necr           5%         2d6       43%         3
 Fulminant Prism          Conj/Hex       4%         3d6       71%         4
 Iskenderun's Mystic Bla  Conj/Tloc      8%         2d4       71%         4
 Dragon's Call            Summ           7%         N/A       100%        9


Dungeon Overview and Level Annotations

Branches:
Dungeon (8/15)             Temple (0/1) D:6
   Lair: D:8-11

Altars:
Cheibriados
Elyvilon
Fedhas
Gozag
Hepliaklqana
Makhleb
Sif Muna
Xom
Yredelemnul

Shops:
D:2 *

Annotations:
D:4 3 runed translucent doors, sleeves's ghost, amateur VSFi
D:7 Joseph
D:8 Erica


Innate Abilities, Weirdness & Mutations

You passively map a small area around you.


Message History

Joseph is moderately wounded.
The orc hits you with a +0 hand axe. Joseph hits you with a +0 quarterstaff!
You slash the orc!
You kill the orc!
Sif Muna accepts your kill.
Joseph zaps a wand.
Your mind is blasted!
You closely miss Joseph.
Joseph is moderately wounded.
Joseph hits you with a +0 quarterstaff!!
You slash Joseph!
Joseph is heavily wounded.
Joseph hits you with a +0 quarterstaff!!
* * * LOW HITPOINT WARNING * * *
You hit Joseph.
Joseph is heavily wounded.
Joseph barely misses you.
Joseph zaps a wand.
You struggle to resist.
You hit Joseph.
Joseph is heavily wounded.
Joseph hits you with a +0 quarterstaff!
* * * LOW HITPOINT WARNING * * *
You barely miss Joseph.
Joseph is heavily wounded.
Joseph zaps a wand.
You struggle to resist.
The now-empty wand crumbles to dust.
You slash Joseph!
Joseph is severely wounded.
Joseph hits you with a +0 quarterstaff!
* * * LOW HITPOINT WARNING * * *
You feel better. Joseph hits you with a +0 quarterstaff!
* * * LOW HITPOINT WARNING * * *
As you read the scroll of teleportation, it crumbles to dust.
You feel strangely unstable. Joseph barely misses you.
Joseph unwields a +0 quarterstaff.
Joseph wields a +0 sling.
Joseph shoots a sling bullet.
The sling bullet closely misses you.
You hear a shout!
Your surroundings suddenly seem different.
The manticore flicks its tail.
The volley of spikes hits you!!
The barbed spikes become lodged in your body.
You die...

#.# #.# ############ * #.#
#........... ,* #<#
#####.........#* .# ###.###
######bbb..........####.# #...).#
......bb...#............###.....#
#.####.#..###.........#.gH.......
#.# #.#.#.#....@.......###.....#
#.# #.#.#..............# #.....#
#.# #.#......#.......#. #####.#
#.# #.###..H.......#.#.# #.# #.#
#.# #####.###......#######.. #.#
#.# #..S........C....... #b#
#..#######..#.##.### #.#
#.#######..#,, , ##,#.. #.#
#..........# * ..#.*


You could see a manticore.

Vanquished Creatures
  A troll (D:7)
  Sigmund (D:6)
  A wyvern (D:7)
  Eustachio (D:5)
  2 water moccasins (D:7)
  An ice beast (D:6)
  2 centaurs
  5 ogres
  A phantom (D:6)
  2 bullfrogs
  2 scorpions
  A howler monkey (D:6)
  6 hounds
  A jelly (D:6)
  An orc priest (D:5)
  2 iguanas (D:5)
  3 orc wizards (D:5)
  11 gnolls
  10 adders
  A shadow imp (D:5)
  2 white imps
  3 ufetubi (D:7)
  2 worms (D:2)
  2 dart slugs
  7 orcs
  3 ball pythons
  8 endoplasms
  10 giant cockroaches
  2 hobgoblins
  3 jackals (D:4)
  15 kobolds
  5 quokkas
  5 bats
  2 frilled lizards (D:1)
  7 goblins
  2 rats
133 creatures vanquished.

Vanquished Creatures (collateral kills)
  A kobold brigand (D:6)
  A bat (D:1)
2 creatures vanquished.

Vanquished Creatures (others)
  12 plants (D:7)
12 creatures vanquished.

Grand Total: 147 creatures vanquished

Notes
Turn   | Place    | Note
-------+----------+-------------------------------------------
     0 | D:1      | Lobster4 the Human Wanderer began the quest for the Orb.
     0 | D:1      | Lobster4 set off with the following items: a +0 dagger, 13
                  | poisoned darts, a scroll of teleportation, a scroll of
                  | butterflies, a +0 leather armour; and the following spell
                  | memorised: Summon Small Mammal; and the following spells
                  | available to memorise: Scorch, Gell's Gravitas, Vampiric
                  | Draining.
     0 | D:1      | Reached XP level 1. HP: 18/18 MP: 6/6
   371 | D:1      | Reached XP level 2. HP: 24/24 MP: 4/8
   744 | D:1      | Reached XP level 3. HP: 29/29 MP: 9/9
  1400 | D:2      | Found a burning altar of Makhleb.
  1526 | D:2      | Reached skill level 1 in Summonings
  1627 | D:2      | Found Siorhiga's General Store.
  1672 | D:2      | Reached skill level 1 in Armour
  1731 | D:2      | Reached XP level 4. HP: 10/35 MP: 11/11
  2244 | D:2      | Reached skill level 1 in Maces & Flails
  2333 | D:3      | Reached XP level 5. HP: 30/41 MP: 10/12
  2610 | D:3      | Reached skill level 1 in Ranged Weapons
  3378 | D:4      | Noticed an ogre
  3392 | D:4      | Killed an ogre
  3393 | D:4      | Reached XP level 6. HP: 28/48 MP: 8/14
  4096 | D:4      | Reached XP level 7. HP: 29/54 MP: 6/15
  4103 | D:4      | Learned a level 2 spell: Scorch
  4294 | D:4      | Reached skill level 1 in Long Blades
  4356 | D:4      | Found a runed translucent gate.
  4356 | D:4      | Found a runed translucent gate.
  4356 | D:4      | Found a runed translucent gate.
  4356 | D:4      | Found an opulent altar of Gozag.
  4359 | D:4      | Noticed a yak
  4359 | D:4      | Noticed sleeves's ghost (amateur VSFi)
  4393 | D:5      | Entered Level 5 of the Dungeon
  4479 | D:5      | Identified the ring "Emec" {rC- rCorr Int+5}
  4858 | D:5      | Reached skill level 1 in Fire Magic
  4928 | D:5      | Found a snail-covered altar of Cheibriados.
  4947 | D:5      | Found a basalt altar of Yredelemnul.
  5333 | D:5      | Found a hazy altar of Hepliaklqana.
  5383 | D:5      | Reached skill level 6 in Spellcasting
  5383 | D:5      | Reached XP level 8. HP: 58/61 MP: 14/17
  5437 | D:5      | Found a white marble altar of Elyvilon.
  5472 | D:5      | Found a blossoming altar of Fedhas.
  5582 | D:5      | Got the Tome of Command and Battle Magic
  6212 | D:6      | Reached skill level 5 in Fighting
  6534 | D:5      | HP: 3/62 [gnoll/+0 spear (4)]
  6803 | D:5      | Gained mutation: You are agile. (Dex +4, Str/Int -1)
                  | [potion of mutation]
  6803 | D:5      | Lost mutation: You are agile. (Dex +4, Str/Int -1) [potion
                  | of mutation]
  6803 | D:5      | Gained mutation: You passively map a small area around you.
                  | [potion of mutation]
  6804 | D:5      | HP: 2/62 [gnoll/+0 spear (2)]
  7105 | D:6      | Noticed Eustachio
  7787 | D:5      | Killed Eustachio
  8296 | D:6      | Noticed Sigmund
  8305 | D:6      | Killed Sigmund
  8306 | D:6      | Reached XP level 9. HP: 69/69 MP: 13/19
  8310 | D:6      | Found a shimmering blue altar of Sif Muna.
  8313 | D:6      | Became a worshipper of Sif Muna the Loreminder
  8382 | D:6      | Reached skill level 7 in Spellcasting
  8550 | D:6      | Found a shimmering altar of Xom.
  8612 | D:7      | Reached skill level 1 in Dodging
  8863 | D:7      | Learned a level 3 spell: Stone Arrow
  9061 | D:7      | Noticed Joseph
  9216 | D:6      | HP: 2/71 [ice beast (10)]
  9573 | D:7      | Reached skill level 1 in Earth Magic
  9645 | D:7      | Noticed a cyclops
  9797 | D:7      | Reached skill level 1 in Conjurations
  9797 | D:7      | Reached skill level 5 in Fire Magic
  9936 | D:7      | Noticed a troll
  9945 | D:7      | Killed a troll
 10109 | D:7      | Noticed a komodo dragon
 10171 | D:7      | Noticed a cyclops
 10272 | D:6      | Upgraded the game from 0.30-a0-241-g1121274140 to
                  | 0.30-a0-242-g7bf8e6d787
 10275 | D:6      | Found a staircase to the Ecumenical Temple.
 10317 | D:8      | Noticed Erica
 10540 | D:7      | Noticed a manticore
 10615 | D:7      | HP: 3/71 [Joseph/+0 quarterstaff (13)]
 10618 | D:7      | Killed from afar by a manticore

Illustrated notes

Levels and vault maps discovered:
D:1:      erik_arrival_triangle_small, layout_basic, minmay_worlds_worst_comb
D:2:      layout_loops_ring, basic_altar, serial_shops, shop, nicolae_wormholes
D:3:      layout_loops_corners, chequers_serial_rivers_micro_d,
          dreamdust_mushroom_princess, kennysheep_generic_room_15
D:4:      layout_loops_ring, ebering_ghost_gozag, grunt_decor_junction
D:5:      layout_basic, mainiacjoe_overflow_alcove_1, elyvilon_altar_4,
          lemuel_tele_altar, kennysheep_mini, kennysheep_slug_shrine,
          eino_curves_02
D:6:      layout_rooms, pf_just_have_faith, lemuel_blue_sif_altar,
          minmay_temple_entry_from_below_a, uniq_eustachio, uniq_sigmund
D:7:      layout_loops_ring, minmay_shattered_shrine, uniq_joseph
D:8:      layout_basic, nicolae_uskayaw_suspiria, uniq_erica

Skill      XL: |  1  2  3  4  5  6  7  8  9 |
---------------+----------------------------+-----
Summonings     | 1 2 3 |  3.0
Armour         | 1 2 |  2.0
Maces & Flails | 1 |  1.0
Ranged Weapons | 1 2 3 |  3.0
Throwing       | 2 3 |  3.0
Fighting       | 4 6 |  6.8
Long Blades    | 1 2 |  2.0
Fire Magic     | 2 4 5 |  5.3
Spellcasting   | 6 7 |  7.5
Dodging        | 2 |  2.0
Earth Magic    | 1 |  1.8
Conjurations   | 1 |  1.8
Invocations    | |  0.3
Evocations     | |  0.2

Action                   |  1- 3 |  4- 6 |  7- 9 || total
-------------------------+-------+-------+-------++-------
Melee: Mace              |    77 |    33 |       ||   110
       Dagger            |     5 |       |       ||     5
       Long sword        |       |    10 |    20 ||    30
       Punch             |       |     1 |     1 ||     2
       Falchion          |       |       |   196 ||   196
 Fire: Sling             |    68 |   163 |   107 ||   338
       Shortbow          |       |       |    89 ||    89
Throw: Dart              |       |     9 |    23 ||    32
       Throwing net      |       |       |     1 ||     1
 Cast: Summon Small Mamm |     9 |     4 |    22 ||    35
       Scorch            |       |       |    56 ||    56
Evoke: Wand              |       |       |     6 ||     6
  Use: Scroll            |     1 |       |    11 ||    12
       Potion            |       |       |     9 ||     9
 Stab: Sleeping          |     1 |       |       ||     1
Armor: Ring mail         |    11 |       |       ||    11
       Leather armour    |    54 |    34 |   120 ||   208
       Troll leather arm |       |       |     4 ||     4
Dodge: Dodged            |   100 |   108 |   263 ||   471

Table legend: (Time is in decaauts)
 A = Elapsed time spent in this place.
 B = Non-inter-level travel time spent in this place.
 C = Inter-level travel time spent in this place.
 D = Time resting spent in this place.
 E = Time spent auto-exploring this place.
 F = Levels seen in this place.
 G = Mean time per level.
                   A        B        C        D        E       F      G
               +--------+--------+--------+--------+--------+-----+--------+
         Total |  10884 |  10143 |    741 |   2754 |   5054 |   8 | 1360.5 |
       Dungeon |  10884 |  10143 |    741 |   2754 |   5054 |   8 | 1360.5 |
               +--------+--------+--------+--------+--------+-----+--------+

Top non-repeatable levels by time:
     D:5: 3046 daAuts
     D:6: 1488 daAuts
     D:4: 1485 daAuts
     D:1: 1347 daAuts
     D:7: 1271 daAuts
     D:3: 1056 daAuts
     D:2: 1001 daAuts
     D:8: 187 daAuts
